 Dungeon Crawl Stone Soup version 0.26.0-10-g1f06aea511 (webtiles) character file.

Game seed: 13566981857843399901

369 Borgoz the Skirmisher (level 6, 0/52 HPs)
             Began as a Ghoul Gladiator on Jan 15, 2021.
             Slain by an orc wizard
             ... wielding a +0 dagger
              (1 damage)
             ... on level 4 of the Dungeon.
             The game lasted 00:05:17 (3809 turns).

Borgoz the Skirmisher (Ghoul Gladiator)             Turns: 3809, Time: 00:05:18

Health: 0/52       AC:  4    Str: 18    XL:     6   Next: 70%
Magic:  5/5        EV: 13    Int:  3    God:
Gold:   163        SH:  0    Dex: 12    Spells: 5/5 levels left

rFire    . . .     SeeInvis .   a - +0 long sword
rCold    + . .     Faith    .   (no shield)
rNeg     + + +     Spirit   .   b - +0 leather armour
rPois    ∞         Reflect  .   c - +0 helmet
rElec    .         Harm     .   (no cloak)
rCorr    .         Rampage  .   (no gloves)
Will     .....                  (no boots)
Stlth    +.........             (no amulet)
HPRegen  0.00/turn              (no ring)
MPRegen  0.09/turn              (no ring)

@: no status effects
A: claws 1, cold resistance 1, negative energy resistance 3, inhibited
regeneration, torment resistance, unbreathing
a: no special abilities


You were on level 4 of the Dungeon.
You visited 1 branch of the dungeon, and saw 4 of its levels.

You collected 163 gold pieces.

Inventory:

Hand Weapons
 a - a +0 long sword (weapon)
Missiles
 d - 2 throwing nets (quivered)
Armour
 b - a +0 leather armour (worn)
 c - a +0 helmet (worn)
Jewellery
 g - an uncursed ring of ice {unknown}
Wands
 p - a wand of iceblast (7)
Scrolls
 e - a scroll of immolation {unknown}
 f - 3 scrolls of identify {unknown}
 h - 3 scrolls of teleportation {unknown}
 l - a scroll of remove curse {unknown}
 m - a scroll of enchant weapon {unknown}
 n - 2 scrolls of amnesia {unknown}
 s - a scroll of enchant armour {unknown}
Potions
 i - 2 potions of invisibility {unknown}
 j - 3 potions of curing {unknown}
 k - a potion of haste {unknown}
 o - a potion of might {unknown}
 q - a potion of berserk rage {unknown}
 r - a potion of degeneration {unknown}


   Skills:
 + Level 4.1 Fighting
 + Level 4.0 Long Blades
 + Level 3.4 Throwing
 + Level 4.0 Dodging


You had 5 spell levels left.
You didn't know any spells.
Your spell library was empty.

Dungeon Overview and Level Annotations

Branches:
Dungeon (4/15)
 Temple: D:4-7

Altars:


Innate Abilities, Weirdness & Mutations

You thrive by killing the living.
You are immune to poison.
You have sharp fingernails.
Your flesh is cold resistant. (rC+)
You are immune to negative energy. (rN+++)
You do not regenerate when monsters are visible.
You are immune to unholy pain and torment.
You can survive without breathing.


Message History

The orc wizard hits you but does no damage.
You closely miss the orc wizard.
The orc wizard is almost dead.
The orc wizard looks satisfied for a moment.
The orc wizard barely misses you.
You riposte.
You closely miss the orc wizard.
The orc wizard is almost dead.
You closely miss the orc wizard.
The orc wizard is almost dead.
The orc wizard closely misses you. x2
You barely miss the orc wizard.
The orc wizard is almost dead.
The orc wizard gestures at itself while chanting.
The orc wizard flickers and vanishes!
Deactivating autopickup; reactivate with Ctrl-A.
You hear some strange, mumbled words.
A puff of flame appears from out of thin air!
The puff of flame hits you!
* * * LOW HITPOINT WARNING * * *
You hit something but do no damage. Something hits you.
You die...

#......# ########
#......# #......#
#......# #.##...##
#...... #.#8...8#
#....# #.##...##
#....# ..##...#
#####){..###.
####...##
#.$.†@).$...# #8...8#
#...#....##.#
##...########.....#
#8##.^.##8###8#.....#
....................#
....................#
....................#
#8##...##8###8#.....#
## #...#### ###..#..#


There were no monsters in sight!

Vanquished Creatures
  An ogre (D:4)
  A hound (D:4)
  A bullfrog skeleton (D:4)
  Ijyb (D:3)
  Terence (D:2)
  Natasha (twice) (D:3)
  Robin (D:3)
  2 adders (D:4)
  An adder skeleton (D:4)
  3 worms (D:2)
  4 dart slugs
  A leopard gecko (D:1)
  9 orcs
  2 ball pythons (D:1)
  3 giant cockroaches
  11 goblins
  9 hobgoblins
  A quokka (D:2)
  7 bats
  4 frilled lizards
  5 kobolds
  4 rats
74 creatures vanquished.

Notes
Turn   | Place    | Note
-------+----------+-------------------------------------------
     0 | D:1      | Borgoz the Ghoul Gladiator began the quest for the Orb.
     0 | D:1      | Reached XP level 1. HP: 17/17 MP: 0/0
   256 | D:1      | Reached XP level 2. HP: 13/25 MP: 1/1
  1014 | D:1      | Reached XP level 3. HP: 30/30 MP: 2/2
  1546 | D:2      | Noticed Terence
  1555 | D:2      | Killed Terence
  1556 | D:2      | Reached XP level 4. HP: 27/38 MP: 3/3
  2198 | D:3      | Noticed Robin
  2208 | D:3      | Killed Robin
  2333 | D:3      | Noticed Ijyb
  2342 | D:3      | Killed Ijyb
  2343 | D:3      | Reached XP level 5. HP: 21/45 MP: 4/4
  2827 | D:3      | Noticed Natasha
  2831 | D:3      | Killed Natasha
  2909 | D:3      | Noticed Natasha
  2918 | D:3      | Killed Natasha
  3353 | D:4      | Noticed an ogre
  3359 | D:4      | HP: 2/45 [ogre/+0 giant club (23)]
  3365 | D:4      | Killed an ogre
  3366 | D:4      | Reached XP level 6. HP: 5/52 MP: 5/5
  3808 | D:4      | HP: 1/52 [something/puff of flame (7)]
  3809 | D:4      | Slain by an orc wizard

Illustrated notes

Levels and vault maps discovered:
D:1:      onia_arrival_pyramid, layout_loops_corners, serial_forest,
          infiniplex_forest_lined_2, infiniplex_forest_lined_ring,
          infiniplex_forest_clump_cross, infiniplex_forest_straight_2,
          infiniplex_forest_lined_2, infiniplex_forest_clump_curved
D:2:      layout_rooms, uniq_terence
D:3:      layout_basic, uniq_robin, uniq_natasha, uniq_ijyb
D:4:      layout_rooms, corexii_hall_statues_x

Skill      XL: |  1  2  3  4  5  6 |
---------------+-------------------+-----
Throwing       | 2 3 |  3.4
Long Blades    | 3 4 |  4.0
Dodging        | 3 4 |  4.0
Fighting       | 3 4 |  4.1

Action                   |  1- 3 |  4- 6 || total
-------------------------+-------+-------++-------
Melee: Long sword        |    94 |   155 ||   249
Throw: Throwing net      |       |     2 ||     2
 Stab: Sleeping          |     1 |       ||     1
Armor: Leather armour    |    44 |    35 ||    79
Dodge: Dodged            |    74 |   103 ||   177
       Rpst.: Long sword |    32 |    39 ||    71
